 Dungeon Crawl Stone Soup version 0.31.0-9-g3a7656b989 (webtiles) character file.

Game seed: 4898715833155648454

45 qw the Shooter (level 3, -3/18 HPs)
             Began as a Spriggan Hunter on Feb 2, 2024.
             Slain by a goblin
             ... wielding a +0 dagger
             ... led by Robin
              (6 damage)
             ... on level 2 of the Dungeon.
             The game lasted 00:00:02 (712 turns).

qw the Shooter (Spriggan Hunter)                     Turns: 712, Time: 00:00:03

Health: -3/18      AC:  2    Str:  7    XL:     3   Next: 42%
Magic:  4/4        EV: 19    Int: 10    God:
Gold:   34         SH:  0    Dex: 20    Spells: 2/2 levels left

rFire   . . .        a - +0 shortbow
rCold   . . .        (shield currently unavailable)
rNeg    . . .        c - +0 robe
rPois   .            (helmet restricted)
rElec   .            (no cloak)
rCorr   .            (gloves unavailable)
SInv    +            (boots unavailable)
Will    .....        (no amulet)
Stlth   ++           (no ring)
HPRegen 0.23/turn    (no ring)
MPRegen 0.09/turn

%: no passive effects
@: very quick
A: very small, no large weapons, unfitting armour, see invisible, speed 3
a: no special abilities


You were on level 2 of the Dungeon.
You visited 1 branch of the dungeon, and saw 2 of its levels.

You collected 34 gold pieces.


Innate Abilities, Weirdness & Mutations

You are very small and have problems with some larger weapons.
You are too small for most types of armour.
You have supernaturally acute eyesight. (SInv)
You cover ground extremely quickly. (Speed+++)


   Skills:
 - Level 1.5 Fighting
 + Level 4.7 Ranged Weapons
 - Level 4.0 Dodging
 - Level 1.5 Stealth


You had 2 spell levels left.
You didn't know any spells.
Your spell library was empty.

Inventory:

Hand Weapons
 a - a +0 shortbow (weapon)
Armour
 c - a +0 robe (worn)
Potions
 f - a potion of heal wounds {unknown}

Dungeon Overview and Level Annotations

Branches:
Dungeon (2/15)

Altars:

Annotations:
D:2 Robin


Message History

The goblin shouts!
The arrow hits the goblin.
You kill the goblin!
A goblin comes into view. It is wielding a +0 club.
The hobgoblin closely misses you.
You shoot an arrow. The arrow misses the frilled lizard.
The goblin shouts!
Robin throws the goblin at you!
The frilled lizard completely misses you.
The goblin completely misses you. The hobgoblin hits you.
You shoot an arrow. The arrow hits the goblin!
You kill the goblin!
The frilled lizard closely misses you.
The hobgoblin hits you but does no damage.
Robin throws the goblin at you!
You shoot an arrow. The arrow completely misses the goblin.
The frilled lizard barely misses you. Robin throws the goblin at you!
The goblin hits you with a +0 club.
You shoot an arrow. The arrow hits the goblin!
You kill the goblin!
The goblin completely misses you. The frilled lizard barely misses you.
The hobgoblin closely misses you. The goblin barely misses you.
You shoot an arrow. The arrow hits the goblin!
You kill the goblin!
The frilled lizard completely misses you.
The goblin closely misses you. The hobgoblin completely misses you.
Robin roars a battlecry!
The goblins go into a battle-frenzy!
You shoot an arrow. The arrow hits the goblin.
You kill the goblin!
The goblin barely misses you. The frilled lizard misses you.
The hobgoblin hits you. The goblin closely misses you.
You shoot an arrow. The arrow misses the frilled lizard.
The hobgoblin hits you. The goblin hits you with a +0 club.
The frilled lizard bites you. Robin misses you.
You shoot an arrow. The arrow closely misses the goblin.
The frilled lizard closely misses you. The hobgoblin barely misses you.
The goblin barely misses you. The goblin completely misses you.
Robin barely misses you. The goblin hits you with a +0 dagger.
You die...

#....#
###%##+#.##.#+#####
#....#
#.#....#........#
#....#
..#....##.......#
######
...#...<##..[....#
....#:...##########
....#....#
#####....######
####.g)...#
#...g@g...#
#.###gl...# #
ggg...# ..g....#
........#
......#### #......#
.......#


You could see Robin, 2 hobgoblins, 5 goblins and a frilled lizard.

Vanquished Creatures
  An adder (D:2)
  2 dart slugs (D:1)
  2 ball pythons
  2 endoplasms (D:1)
  2 giant cockroaches
  7 goblins
  4 hobgoblins (D:1)
  3 quokkas
  2 bats (D:1)
  2 frilled lizards (D:1)
  3 kobolds
30 creatures vanquished.

Notes
Turn   | Place    | Note
-------+----------+-------------------------------------------
     0 | D:1      | qw the Spriggan Hunter began the quest for the Orb.
     0 | D:1      | Reached XP level 1. HP: 10/10 MP: 2/2
     0 | D:1      | 0 ||| qw: Version: 0.3-a-155-g5e7d8dd
     0 | D:1      | 0 ||| qw: Game counter: 141
     0 | D:1      | 0 ||| qw: Melee chars always use a shield: true
     0 | D:1      | 0 ||| qw: God list: Okawaru
     0 | D:1      | 0 ||| qw: Allow faded altars: false
     0 | D:1      | 0 ||| qw: Do Orc after clearing Dungeon:15 true
     0 | D:1      | 0 ||| qw: Do second Lair branch before Depths: true
     0 | D:1      | 0 ||| qw: Lair rune preference: random
     0 | D:1      | 0 ||| qw: Goals: Normal
     0 | D:1      | 0 ||| PLANNING D:1-11
     3 | D:1      | Noticed an electric eel
     4 | D:1      | Noticed an electric eel
    68 | D:1      | Reached skill level 3 in Dodging
   130 | D:1      | Reached XP level 2. HP: 14/14 MP: 3/3
   558 | D:1      | 558 ||| READING 2 scrolls labelled NIADGHA TUBOHY.
   559 | D:1      | 559 ||| READING scroll labelled QEPEHENKAD.
   560 | D:1      | 560 ||| DROPPING scroll of butterflies.
   561 | D:1      | 561 ||| DROPPING scroll of blinking.
   624 | D:2      | Reached XP level 3. HP: 14/18 MP: 4/4
   701 | D:2      | Noticed Robin
   711 | D:2      | HP: 4/18 [goblin/+0 club[Robin] (4)]
   712 | D:2      | Slain by a goblin

Levels and vault maps discovered:
D:1:      arrival_aquarium_b, layout_basic, minivault_23
D:2:      layout_basic, basic_altar, shapermc_ecumenical_altar_acropolis,
          uniq_robin

Skill      XL: |  1  2 |
---------------+-------+-----
Dodging        | 3 4 |  4.0
Fighting       | |  1.5
Ranged Weapons | |  4.7
Stealth        | |  1.5

Action                     || total
---------------------------++-------
   Fire: Shortbow          ||   108
    Use: Scroll            ||     2
 Armour: Robe              ||    20
  Dodge: Dodged            ||    52

Table legend:
 A = Non-vault XP
 B = Vault XP
 C = Vault XP percentage of total XP
 D = Non-vault monster count
 E = Vault monster count
 F = Vault count percentage of total count
                 A         B        C        D         E       F
            +---------+---------+-------+---------+---------+-------
      Total |      57 |       8 |  12.3 |      25 |       5 |  16.7
            +---------+---------+-------+---------+---------+-------
        D:1 |      35 |       0 |   0.0 |      18 |       0 |   0.0
        D:2 |      22 |       8 |  26.7 |       7 |       5 |  41.7
            +---------+---------+-------+---------+---------+-------
